 Dungeon Crawl Stone Soup version 0.26.0-16-gc1dbca0489 (webtiles) character file.

Game seed: 17286132730763665216

27 EnegeticOcto the Bolt Thrower (level 3, 0/17 HPs)
             Began as a Vine Stalker Arcane Marksman on Jan 19, 2021.
             Succumbed to an adder's poison
             ... on level 2 of the Dungeon.
             The game lasted 00:01:01 (1175 turns).

EnegeticOcto the Bolt Thrower (VSAM)                Turns: 1175, Time: 00:01:02

Health: 0/17       AC:  8    Str: 12 (13) XL:     3   Next: 10%
Magic:  1/5        EV:  5    Int: 10 (13) God:
Gold:   104        SH:  0    Dex: 13 (14) Spells: 3/4 levels left

rFire    . . .     SeeInvis .   b - +0 spear
rCold    . . .     Faith    .   (no shield)
rNeg     . . .     Spirit   +   i - +0 chain mail
rPois    .         Reflect  .   (no helmet)
rElec    .         Harm     .   (no cloak)
rCorr    .         Rampage  .   (no gloves)
Will     .....                  (no boots)
Stlth    ..........             (no amulet)
HPRegen  0.05/turn              (no ring)
MPRegen  0.09/turn              (no ring)

@: lethally poisoned (0 -> -5), attractive, very slightly contaminated, hasted,
invisible, very quick
A: fangs 2, magic shield, antimagic bite, no potion heal 3
a: no special abilities


You were on level 2 of the Dungeon.
You visited 1 branch of the dungeon, and saw 2 of its levels.

You collected 104 gold pieces.

Inventory:

Hand Weapons
 a - a +0 hand crossbow
 b - a +0 spear (weapon)
   (You found it on level 1 of the Dungeon)
Missiles
 d - 18 bolts
 n - 23 poisoned darts (quivered)
Armour
 e - a +0 robe
 i - a +0 chain mail (worn)
   (You found it on level 1 of the Dungeon)
Scrolls
 j - a scroll of blinking {unknown}
 k - a scroll of fear {unknown}
 m - a scroll of remove curse {unknown}
Potions
 c - a potion of magic
 l - a potion of haste {@q4 !q}


   Skills:
 - Level 0.8 Fighting
 + Level 3.1 Crossbows
 - Level 1.5 Dodging
 - Level 1.1 Spellcasting
 - Level 3.0 Hexes


You had 3 spell levels left.
You knew the following spells:

 Your Spells              Type           Power        Failure   Level
a - Corona                Hex            6%           99%         1

Your spell library contained the following spells:

 Spells                   Type           Power        Failure   Level
 Slow                     Hex            6%           100%        2
 Inner Flame              Hex/Fire       3%           100%        3
 Portal Projectile        Hex/Tloc       6%           100%        3
 Cause Fear               Hex            3%           100%        4
 Leda's Liquefaction      Hex/Erth       1%           100%        4


Dungeon Overview and Level Annotations

Branches:
Dungeon (2/15)

Altars:


Innate Abilities, Weirdness & Mutations

You have extremely sharp teeth.
When hurt, damage is shared between your health and your magic reserves.
Your bite disrupts and absorbs the magic of your enemies.
Potions cannot restore your health.


Message History

You hit the ball python.
You bite the ball python, but do no damage.
The ball python is heavily wounded.
The ball python completely misses you. The ball python constricts you.
The ball python bites you but does no damage.
The ball python constricts you.
You hit the ball python.
You kill the ball python!
No target in view!
No target in view!
No target in view!
No target in view!
No target in view!
No target in view!
No target in view!
No target in view!
No target in view!
No target in view!
No target in view!
A hobgoblin comes into view. It is wielding a +0 club.
A hobgoblin is nearby!
The hobgoblin shouts!
You hear a shout!
A hobgoblin comes into view.
A dart slug comes into view.
An adder comes into view.
Found a lumpy brown potion.
You see here a scroll labelled WOTSESSAQI.
You hit the hobgoblin but do no damage.
The hobgoblin hits you but does no damage.
You hit the hobgoblin.
The hobgoblin is moderately wounded.
The hobgoblin hits you but does no damage.
You closely miss the hobgoblin. You bite the hobgoblin. You drain its power.
The hobgoblin is severely wounded.
The adder bites you but does no damage. The hobgoblin hits you with a +0 club.
You barely miss the hobgoblin.
The hobgoblin is severely wounded.
The adder bites you but does no damage. The hobgoblin barely misses you. x2
The adder bites you.
You hit the hobgoblin.
You kill the hobgoblin!
The adder bites you but does no damage. The hobgoblin closely misses you.
The dart slug bites you but does no damage.
You barely miss the adder. Your bite misses the adder.
The adder bites you but does no damage.
The hobgoblin hits you but does no damage.
The dart slug bites you but does no damage.
You hit the adder. You bite the adder. You drain its power.
You feel invigorated.
The adder is moderately wounded.
The adder bites you but does no damage. The hobgoblin hits you.
The adder barely misses you.
Your chain mail prevents you from hitting the adder.
The adder is moderately wounded.
The hobgoblin hits you. The adder bites you but does no damage.
The dart slug launches a dart at you.
The slug dart hits you but does no damage.
You barely miss the adder. Your bite misses the adder.
The adder is moderately wounded.
The adder bites you but does no damage. The hobgoblin barely misses you.
The dart slug bites you but does no damage.
The adder bites you.
You hit the adder. You bite the adder. You drain its power.
You feel invigorated.
The adder is heavily wounded.
The hobgoblin hits you but does no damage.
The adder bites you.
The dart slug bites you but does no damage.
The hobgoblin hits you. The adder bites you but does no damage.
The hobgoblin hits you but does no damage.
There is a stone staircase leading up here.
Evoke which item? (* to show all) (? for menu, Esc to quit)
Okay, then.
It was a potion of magic.
Magic courses through your body. The adder bites you.
* * * LOW HITPOINT WARNING * * *
You are lethally poisoned!
The adder poisons you!
It was a potion of attraction.
You feel attractive to monsters.
* * * LOW HITPOINT WARNING * * *
You feel sick.
The adder bites you but does no damage. x2
It was a potion of degeneration.
There was something very wrong with that liquid.
You feel weakened.
You feel dopey.
You feel clumsy. The adder bites you.
* * * LOW HITPOINT WARNING * * *
It was a potion of haste.
You feel yourself speed up.
* * * LOW HITPOINT WARNING * * *
You feel sick. The adder bites you but does no damage.
It was a potion of invisibility.
You fade into invisibility!
The adder bites you but does no damage.
You are very lightly contaminated with residual magic.
You miss the adder.
The adder is heavily wounded.
The adder bites you.
You catch the helpless adder completely off-guard!
You hit the adder but do no damage. You bite the adder, but do no damage.
The adder is heavily wounded.
You die...

#..?.........
#..$...).....
.##.............
.......).(......
#....?........
##...........
#...g†......
#.##S##.####
#....@...#
#........#
#........#
#........#
#........#
#........#
#........#
.........#


You could see an adder and a hobgoblin.

Vanquished Creatures
  2 dart slugs (D:1)
  A ball python (D:2)
  3 goblins (D:1)
  6 hobgoblins
  3 bats (D:1)
  2 frilled lizards (D:1)
  6 rats
23 creatures vanquished.

Notes
Turn   | Place    | Note
-------+----------+-------------------------------------------
     0 | D:1      | EnegeticOcto the Vine Stalker Arcane Marksman began the
                  | quest for the Orb.
     0 | D:1      | Reached XP level 1. HP: 9/9 MP: 3/3
   146 | D:1      | Reached skill level 2 in Crossbows
   465 | D:1      | Reached XP level 2. HP: 14/14 MP: 4/4
   855 | D:1      | Reached skill level 3 in Crossbows
   988 | D:1      | Reached XP level 3. HP: 17/17 MP: 5/5
  1175 | D:2      | Succumbed to an adder's poison

Illustrated notes

Levels and vault maps discovered:
D:1:      dpeg_arrival_circle_labyrinth_a, layout_loops_ring,
          minmay_misc_feat_diagonals, minmay_distorted
D:2:      layout_rooms, tgw_trog, minmay_tromino_v7

Skill      XL: |  1  2 |
---------------+-------+-----
Crossbows      | 2 3 |  3.1
Fighting       | |  0.8
Dodging        | |  1.5
Spellcasting   | |  1.1
Hexes          | |  3.0

Action                   || total
-------------------------++-------
Melee: Spear             ||    70
       Bite              ||    11
 Fire: Hand crossbow     ||     6
  Use: Potion            ||     5
 Stab: Invisible         ||     1
Armor: Chain mail        ||    47
       Robe              ||     2
Dodge: Dodged            ||    22
